 Dungeon Crawl Stone Soup version 0.25-a0-356-g7c9d860b3b (webtiles) character file.

Game seed: 15641434136414721504, levelgen mode: classic

103444 Borgoz the Bludgeoner (level 16, -5/108 HPs)
             Began as a Gargoyle Gladiator on Jan 3, 2020.
             Was the Champion of Makhleb.
             Killed from afar by Frances (36 damage)
             ... with an iron shot
             ... on level 2 of the Swamp.
             The game lasted 00:47:26 (22819 turns).

Borgoz the Bludgeoner (Gargoyle Gladiator)         Turns: 22819, Time: 00:47:26

Health: -5/108     AC: 29    Str: 26    XL:     16   Next: 36%
Magic:  16/16      EV: 16    Int:  8    God:    Makhleb [******]
Gold:   1774       SH:  3    Dex:  8    Spells: 15/15 levels left

rFire    + . .     SeeInvis .   a - +7 morningstar of the Seven Wishes {freeze, rElec rC- MR++ Dex-3}
rCold    . . .     Gourm    .   (no shield)
rNeg     + . .     Faith    .   Q - +2 ring mail {rC+}
rPois    ∞         Spirit   .   y - +1 hat {MR+}
rElec    +         Reflect  +   U - +0 cloak
rCorr    .         Harm     .   K - +1 pair of gloves of the Vacuum {rF+}
MR       +++++                  E - +0 pair of boots
Stlth    ..........             P - +3 amulet of reflection
HPRegen  0.28/turn              R - ring of protection from magic
MPRegen  0.15/turn              B - ring "Giligiz" {+Inv Slay+5 Stlth-}

@: flying
A: big wings, blink, negative energy resistance 1, electricity resistance, wild
magic 1, unbreathing, petrification resistance, rot immunity, AC +12
a: Stop Flying, Blink, Minor Destruction, Lesser Servant of Makhleb, Major
Destruction, Greater Servant of Makhleb, Renounce Religion, Evoke Invisibility


You were on level 2 of the Swamp.
You worshipped Makhleb.
Makhleb was exalted by your worship.
You were hungry.

You visited 5 branches of the dungeon, and saw 26 of its levels.
You also visited: Sewer and Volcano.

You collected 2960 gold pieces.
You spent 1186 gold pieces at shops.

Inventory:

Hand Weapons
 a - the +7 morningstar of the Seven Wishes (weapon) {freeze, rElec rC- MR++ Dex-3}
   (You bought it in a shop on level 15 of the Dungeon)

   It has been specially enchanted to freeze those struck by it, causing extra
   injury to most foes and up to half again as much damage against particularly
   susceptible opponents.
   It can also slow down cold-blooded creatures.
   It affects your dexterity (-3).
   It makes you vulnerable to cold.
   It insulates you from electricity.
   It affects your resistance to hostile enchantments.
 b - a +3 flail of flaming
Missiles
 h - 7 throwing nets (quivered)
Armour
 t - a +3 plate armour of fire resistance
 y - a +1 hat of magic resistance (worn)
 E - a +0 pair of boots (worn)
 K - the +1 pair of gloves of the Vacuum (worn) {rF+}
   (You found it on level 12 of the Dungeon)

   It protects you from fire.
 Q - a +2 ring mail of cold resistance (worn)
 U - a +0 cloak (worn)
Jewellery
 c - an uncursed ring of ice
 B - the ring "Giligiz" (right hand) {+Inv Slay+5 Stlth-}
   (You took it off an orc on level 7 of the Dungeon)

   [ring of attention]

   It affects your accuracy and damage with ranged weapons and melee attacks
   (+5).
   It lets you turn invisible.
   It makes you less stealthy.
 P - a +3 amulet of reflection (around neck)
 R - a ring of protection from magic (left hand)
Wands
 i - a wand of iceblast (14)
 o - a wand of disintegration (20)
 v - a wand of digging (10)
 C - a wand of acid (7)
 D - a wand of scattershot (4)
Scrolls
 e - 2 scrolls of blinking
 g - 8 scrolls of fear
 j - 11 scrolls of remove curse
 q - 2 scrolls of fog
 r - a scroll of immolation
 w - 11 scrolls of teleportation
 z - 4 scrolls of magic mapping
 A - 3 scrolls of holy word
 F - a scroll of enchant armour
 G - a scroll of brand weapon
Potions
 d - 3 potions of mutation
 k - 6 potions of agility
 l - 5 potions of resistance
 m - 4 potions of haste
 n - 15 potions of curing
 p - 2 potions of cancellation
 s - 5 potions of might
 u - a potion of heal wounds
 x - 3 potions of invisibility
 L - 2 potions of berserk rage
 N - 3 potions of ambrosia
Comestibles
 f - 45 rations


   Skills:
 + Level 15.4 Fighting
 + Level 17.6 Maces & Flails
 - Level 1.7 Throwing
 + Level 15.2 Armour
 + Level 11.6 Dodging


You had 15 spell levels left.
You didn't know any spells.
Your spell library contained the following spells:

 Spells                   Type           Power        Failure   Level  Hunger
 Animate Skeleton         Necr           N/A          58%         1    ##.....
 Apportation              Tloc           #.....       58%         1    ##.....
 Confusing Touch          Hex            #.....       58%         1    ##.....
 Corona                   Hex            #......      58%         1    ##.....
 Freeze                   Ice            #...         58%         1    ##.....
 Infusion                 Chrm           #...         58%         1    ##.....
 Magic Dart               Conj           #...         58%         1    ##.....
 Shock                    Conj/Air       #...         58%         1    ##.....
 Summon Butterflies       Summ           #.......     58%         1    ##.....
 Summon Small Mammal      Summ           #...         58%         1    ##.....
 Blink                    Tloc           N/A          73%         2    ###....
 Call Imp                 Summ           #.......     73%         2    ###....
 Ensorcelled Hibernation  Hex/Ice        #.....       73%         2    ###....
 Searing Ray              Conj           #.....       73%         2    ###....
 Shroud of Golubria       Chrm/Tloc      #.....       73%         2    ###....
 Slow                     Hex            #.......     73%         2    ###....
 Song of Slaying          Chrm           #.......     73%         2    ###....
 Swiftness                Chrm/Air       #.......     73%         2    ###....
 Call Canine Familiar     Summ           #.......     90%         3    ####...
 Confuse                  Hex            #.......     90%         3    ####...
 Conjure Flame            Conj/Fire      #.......     90%         3    ####...
 Dazzling Flash           Conj/Hex       #.....       90%         3    ####...
 Inner Flame              Hex/Fire       #.......     90%         3    ####...
 Mephitic Cloud           Conj/Pois/Air  #.......     90%         3    ####...
 Portal Projectile        Hex/Tloc       #.....       90%         3    ####...
 Regeneration             Chrm/Necr      #.........   90%         3    ####...
 Spectral Weapon          Hex/Chrm       #.......     90%         3    ####...
 Static Discharge         Conj/Air       #.......     90%         3    ####...
 Summon Guardian Golem    Hex/Summ       #.......     90%         3    ####...
 Tukima's Dance           Hex            #.......     90%         3    ####...
 Airstrike                Air            #.........   100%        4    #####..
 Cause Fear               Hex            #.........   100%        4    #####..
 Fulminant Prism          Conj/Hex       #.........   100%        4    #####..
 Iskenderun's Mystic Bla  Conj/Tloc      #.......     100%        4    #####..
 Leda's Liquefaction      Hex/Erth       #.........   100%        4    #####..
 Summon Ice Beast         Ice/Summ       #.......     100%        4    #####..
 Summon Lightning Spire   Summ/Air       #.......     100%        4    #####..
 Dispel Undead            Necr           #.......     100%        5    ######.
 Irradiate                Conj/Tmut      #.........   100%        5    ######.
 Lightning Bolt           Conj/Air       #.........   100%        5    ######.
 Metabolic Englaciation   Hex/Ice        #.........   100%        5    ######.
 Summon Mana Viper        Hex/Summ       #.......     100%        5    ######.
 Hydra Form               Tmut           #.........   100%        6    #######
 Simulacrum               Ice/Necr       #.........   100%        6    #######
 Dragon Form              Tmut           #.........   100%        7    #######
 Summon Hydra             Summ           #.........   100%        7    #######
 Ignition                 Fire           #.........   100%        8    #######
 Shatter                  Erth           #.........   100%        9    #######
 Tornado                  Air            #.........   100%        9    #######
 Statue Form              Tmut/Erth      Unusable     N/A         6    N/A

Dungeon Overview and Level Annotations

Branches:
Dungeon (15/15)            Temple (1/1) D:4            Lair (6/6) D:9
  Swamp (2/4) Lair:2       Spider (0/4) Lair:2        Slime (0/5) Lair:6
    Orc (2/2) D:9             Elf (0/3) Orc:2        Vaults (0/5) D:13
 Depths (0/5) D:15          Sewer (visited)         Volcano (visited)

Altars:
Ashenzari
Cheibriados
Dithmenos
Elyvilon
Fedhas
Gozag
Hepliaklqana
Kikubaaqudgha
Makhleb
Nemelex Xobeh
Okawaru
Qazlal
Ru
Sif Muna
Trog
Uskayaw
Vehumet
Wu Jian
Xom
Yredelemnul
The Shining One
Beogh
Jiyva

Shops:
D:4 *   D:6 *   D:12 [*(}   D:15 (   Orc:1 }   Orc:2 ![(}

Annotations:
Swamp:2 Frances


Innate Abilities, Weirdness & Mutations

You are resistant to torment.
Your stone body is resilient. (AC +12)
You are immune to poison.
Your large and strong wings let you fly indefinitely.
You resist negative energy. (rN+)
You are resistant to electric shocks. (rElec)
You can survive without breathing.
You are immune to petrification.
You are immune to rotting.
You can translocate small distances at will.
Your spells are a little harder to cast, but a little more powerful.


Message History

You are too injured to fight recklessly!
You are too injured to fight recklessly!
You are too injured to fight recklessly!
You are too injured to fight recklessly!
Unknown command.
You sock Frances! You freeze Frances.
Frances is moderately wounded.
The ice devil hits you!
* * * LOW HITPOINT WARNING * * *
The ice devil freezes you!!
* * * LOW HITPOINT WARNING * * *
You impale Frances!! You freeze Frances.
Frances is heavily wounded.
You block Frances's attack.
Unknown command.
You feel much better. The ice devil misses you.
A vampire mosquito comes into view.
Frances screams a word of power!
The iron shot hits you!!!
You die...

. ♣
♣♣.≈.≈≈♣♣≈
♣.≈≈♣♣♣..
♣.≈≈♣♣.≈♣ ♣
♣.♣♣♣≈≈♣
♣≈♣♣.≈≈≈≈♣
♣≈♣≈≈..♣♣♣
♣.≈..).♣
≈≈.♣.♣≈..♣♣
♣..≈≈@..♣
♣...@4.♣♣
♣≈≈.≈♣♣♣
.≈≈≈≈.♣
.≈>...
♣≈≈≈≈.
y≈≈≈.♣
.....


You could see Frances, an ice devil and a vampire mosquito (wandering).

Vanquished Creatures
  Gastronok (Lair:1)
  2 very ugly things (D:15)
  Snorg (D:10)
  A fire dragon (Volcano)
  The ghost of Ciesatia the Thaumaturge, a journeyman GnSk of Okawaru (D:15)
  Erolcha (Orc:2)
  Fannar (D:10)
  9 hydras
  4 ogre magi (Orc:2)
  2 dancing weapons (D:13)
  10 two-headed ogres
  2 death knights
  4 death yaks (Lair:6)
  A tengu warrior (D:14)
  A merfolk avatar (Lair:6)
  Urug (Lair:1)
  Sonja (Lair:2)
  The ghost of whitenoisemaker the Thaumaturge, a journeyman DEIE of Vehumet (Orc:2)
  A fire crab (shapeshifter) (D:15)
  2 unseen horrors
  A sea snake (Lair:6)
  A glowing orange brain (D:15)
  A wizard (D:15)
  A lindwurm (Volcano)
  A necromancer (D:15)
  Pikel (D:5)
  A wolf spider zombie (D:15)
  4 cyclopes
  A deep elf mage (D:12)
  An oklob plant (D:10)
  An orc knight (Orc:2)
  18 ugly things
  A manticore (D:12)
  An orc sorcerer (Orc:2)
  A guardian serpent (shapeshifter) (D:15)
  4 black mambas
  6 elephants
  3 naga magi (D:15)
  A black mamba (shapeshifter) (D:15)
  2 molten gargoyles (Volcano)
  A gargoyle (D:15)
  A kobold demonologist (D:11)
  13 spiny frogs
  5 rime drakes (Lair:6)
  4 komodo dragons (Lair:6)
  3 freezing wraiths (D:15)
  A tengu conjurer (D:13)
  5 trolls
  A wolf spider simulacrum (D:15)
  5 polar bears
  A slime creature (D:14)
  A wind drake (shapeshifter) (D:15)
  7 tyrant leeches (Swamp:1)
  7 hornets
  10 blink frogs
  A harpy skeleton (D:15)
  4 bog bodies (Swamp:1)
  A raiju (shapeshifter) (D:14)
  A wind drake (Lair:6)
  9 hippogriffs
  A meliai zombie (D:15)
  3 shadows
  Sigmund (D:4)
  3 wraiths
  2 spriggans (Lair:4)
  A wyvern (shapeshifter) (D:15)
  5 wyverns
  A yak (shapeshifter) (D:15)
  A centaur simulacrum (D:14)
  A redback (shapeshifter) (D:12)
  60 yaks
  A hungry ghost (D:13)
  14 fire bats
  5 basilisks
  A fire bat (shapeshifter) (D:15)
  A steam dragon (Lair:5)
  6 vampire mosquitoes (Swamp:1)
  2 neqoxecs (D:15)
  A harpy simulacrum (D:15)
  10 insubstantial wisps (Swamp:1)
  A warg (Orc:1)
  An acid dragon (D:12)
  2 swamp worms (Swamp:1)
  2 hell hounds (Volcano)
  15 water moccasins
  6 porcupines
  3 sky beasts
  2 swamp drakes (Swamp:1)
  4 slaves
  18 orc warriors
  3 black bears
  2 phantoms (D:10)
  3 ice beasts
  35 ogres
  2 necrophages
  3 wolves (Lair:4)
  19 centaurs
  3 big kobolds
  12 crocodiles
  22 bullfrogs
  6 scorpions
  5 wights (D:8)
  11 howler monkeys
  7 crimson imps
  7 lava snakes (Volcano)
  A bullfrog zombie (D:12)
  3 jellies
  A quasit (D:12)
  9 hounds
  15 orc priests
  6 centaur zombies
  A gnoll shaman (D:9)
  21 orc wizards
  3 bullfrog skeletons
  3 centaur skeletons
  2 iguanas
  9 worker ants
  6 hell rats (Lair:2)
  2 hound zombies
  A hound skeleton (D:5)
  Robin (D:3)
  2 worker ant zombies
  5 gnolls (D:9)
  7 adders
  3 shadow imps
  An ooze (D:4)
  3 adder skeletons
  8 worms
  A dart slug (D:2)
  5 leopard geckos
  73 orcs
  7 giant cockroaches
  13 goblins
  6 hobgoblins
  3 jackals (D:4)
  26 kobolds
  7 quokkas
  2 ball pythons (Sewer)
  6 bats
  3 frilled lizards
  A jackal skeleton (D:7)
  A quokka skeleton (D:5)
  4 rats
  A bush (D:10)
  2 plants (D:10)
767 creatures vanquished.

Vanquished Creatures (others)
  A spriggan (Swamp:1)
  A swamp worm (Swamp:1)
  An ogre (Orc:2)
  An orc (D:4)
  A giant cockroach (D:4)
  5 fungi
  2 plants (Lair:4)
  5 toadstools (D:10)
17 creatures vanquished.

Grand Total: 784 creatures vanquished

Notes
Turn   | Place    | Note
-------+----------+-------------------------------------------
     0 | D:1      | Borgoz the Gargoyle Gladiator began the quest for the Orb.
     0 | D:1      | Reached XP level 1. HP: 12/12 MP: 1/1
   309 | D:1      | Reached XP level 2. HP: 18/18 MP: 2/2
   637 | D:2      | Reached skill level 1 in Armour
  1013 | D:2      | Found a faded altar of an unknown god.
  1042 | D:2      | Reached XP level 3. HP: 22/22 MP: 3/3
  1256 | D:2      | Found an opulent altar of Gozag.
  1305 | D:2      | Found a shadowy altar of Dithmenos.
  1442 | D:3      | Noticed Robin
  1490 | D:3      | Killed Robin
  1490 | D:3      | Reached skill level 4 in Maces & Flails
  1490 | D:3      | Reached XP level 4. HP: 23/28 MP: 4/4
  1582 | D:3      | Found a hazy altar of Hepliaklqana.
  1735 | D:3      | Found a glowing drain.
  1763 | Sewer    | Entered a sewer
  1935 | Sewer    | Noticed a big kobold
  1964 | Sewer    | Killed a big kobold
  1964 | Sewer    | Reached XP level 5. HP: 26/32 MP: 5/5
  2322 | D:4      | Reached skill level 5 in Maces & Flails
  2335 | D:4      | Found a white marble altar of Elyvilon.
  2341 | D:4      | Reached XP level 6. HP: 38/38 MP: 6/6
  2538 | D:4      | Found a staircase to the Ecumenical Temple.
  2560 | D:4      | Found Ipicuxy's General Store.
  2566 | D:4      | Bought a scroll of identify for 22 gold pieces
  2591 | Temple   | Entered the Ecumenical Temple
  2655 | Temple   | Became a worshipper of Makhleb the Destroyer
  2770 | D:4      | Noticed Sigmund
  2810 | D:4      | Killed Sigmund
  2810 | D:4      | Reached XP level 7. HP: 14/44 MP: 7/7
  3045 | D:4      | Found an ancient bone altar of Kikubaaqudgha.
  3123 | D:4      | Reached skill level 6 in Maces & Flails
  3485 | D:4      | You fall into a shaft and drop 1 floor!
  3485 | D:5      | Entered Level 5 of the Dungeon
  3495 | D:5      | Reached skill level 5 in Fighting
  3504 | D:5      | Reached XP level 8. HP: 41/49 MP: 8/8
  3540 | D:5      | Reached skill level 7 in Maces & Flails
  3566 | D:5      | Found an ornate altar of the Wu Jian Council.
  3812 | D:5      | Reached skill level 5 in Armour
  4032 | D:5      | Reached * piety under Makhleb
  4153 | D:5      | Noticed Pikel
  4484 | D:6      | Reached skill level 8 in Maces & Flails
  4650 | D:6      | Found a sacrificial altar of Ru.
  4796 | D:6      | Found a shimmering blue altar of Sif Muna.
  4850 | D:6      | Reached XP level 9. HP: 56/56 MP: 9/9
  5430 | D:6      | Found Bickoryu's Assorted Antiques.
  5825 | D:5      | Reached skill level 9 in Maces & Flails
  6008 | D:5      | Killed Pikel
  6043 | D:7      | Found a basalt altar of Yredelemnul.
  6165 | D:7      | Reached ** piety under Makhleb
  6338 | D:7      | Reached skill level 10 in Maces & Flails
  6379 | D:7      | Identified the ring "Giligiz" {+Inv Slay+5 Stlth-}
  6716 | D:8      | Reached XP level 10. HP: 52/64 MP: 10/10
  6871 | D:8      | Found a stormy altar of Qazlal.
  7539 | D:9      | Reached *** piety under Makhleb
  7792 | D:9      | Reached skill level 11 in Maces & Flails
  7863 | D:9      | Reached skill level 5 in Dodging
  7970 | D:9      | Found a staircase to the Lair.
  7997 | D:9      | Found a shimmering altar of Xom.
  8119 | D:9      | Noticed a +0 dagger
  8120 | D:9      | Noticed a +4 hand axe
  8123 | D:9      | Found a hide-covered altar of Uskayaw.
  8304 | D:9      | Found a staircase to the Orcish Mines.
  8493 | D:10     | Entered Level 10 of the Dungeon
  8516 | D:10     | Noticed Snorg
  8531 | D:10     | Killed Snorg
  8531 | D:10     | Reached skill level 12 in Maces & Flails
  8531 | D:10     | Reached XP level 11. HP: 44/71 MP: 11/11
  8534 | D:10     | Reached **** piety under Makhleb
  8635 | D:10     | Found a blossoming altar of Fedhas.
  8654 | D:10     | Noticed an oklob plant
  8844 | D:10     | Noticed Fannar
  8861 | D:10     | Killed Fannar
  8921 | D:10     | Noticed a two-headed ogre
  8929 | D:10     | Killed a two-headed ogre
  9375 | D:10     | Killed an oklob plant
  9375 | D:10     | Reached skill level 10 in Fighting
  9643 | D:11     | Noticed a purple ugly thing
  9650 | D:11     | Killed a purple ugly thing
  9715 | D:11     | Reached skill level 10 in Armour
  9800 | D:11     | Noticed a cyan ugly thing
  9814 | D:11     | Noticed a brown ugly thing
  9815 | D:11     | Killed a cyan ugly thing
  9815 | D:11     | Reached skill level 13 in Maces & Flails
  9824 | D:11     | Killed a brown ugly thing
 10114 | D:12     | Noticed a deep elf mage
 10127 | D:12     | Killed a deep elf mage
 10127 | D:12     | Reached XP level 12. HP: 79/79 MP: 12/12
 10488 | D:12     | Got a pair of faintly glowing gloves
 10494 | D:12     | Identified the +1 pair of gloves of the Vacuum {rF+} (You
                  | found it on level 12 of the Dungeon)
 10621 | D:12     | Found Viheme's Gadget Shoppe.
 10717 | D:12     | Found Demaurch's Weapon Emporium.
 10765 | D:12     | Found Qafeing's Assorted Antiques.
 10877 | D:12     | Reached skill level 14 in Maces & Flails
 10997 | D:12     | Found Nunnat's Antique Armour Shop.
 11003 | D:12     | Bought a pair of embroidered gloves for 292 gold pieces
 11277 | D:13     | Reached ***** piety under Makhleb
 11423 | D:13     | Noticed a two-headed ogre
 11431 | D:13     | Killed a two-headed ogre
 11524 | D:13     | Found a gate to the Vaults.
 11662 | D:13     | Noticed a two-headed ogre
 11676 | D:13     | Killed a two-headed ogre
 12024 | D:14     | Reached XP level 13. HP: 79/85 MP: 13/13
 12318 | D:14     | Reached skill level 15 in Maces & Flails
 12445 | D:14     | Identified Sif Muna's Volume of Dark Cold
 12819 | D:15     | Entered Level 15 of the Dungeon
 13151 | D:15     | Found a runed translucent gate.
 13151 | D:15     | Found a runed translucent gate.
 13152 | D:15     | Noticed a red very ugly thing
 13153 | D:15     | Found a runed translucent gate.
 13153 | D:15     | Noticed a green very ugly thing
 13162 | D:15     | Found Picruc's Weapon Boutique.
 13281 | D:15     | HP: 4/87 [wolf spider zombie[a necromancer] (10)]
 13527 | D:15     | Found a staircase to the Depths.
 13629 | D:15     | Found a shimmering altar of Xom.
 14226 | Lair:1   | Entered Level 1 of the Lair of Beasts
 14252 | Lair:1   | Reached skill level 16 in Maces & Flails
 14273 | Lair:1   | Noticed Gastronok
 14286 | Lair:1   | Killed Gastronok
 14286 | Lair:1   | Gained mutation: Your large and strong wings let you fly
                  | indefinitely. [Gargoyle growth]
 14286 | Lair:1   | Reached XP level 14. HP: 92/92 MP: 14/14
 14370 | Lair:1   | Noticed Urug
 14389 | Lair:1   | Killed Urug
 14978 | Lair:2   | Reached ****** piety under Makhleb
 15336 | Lair:2   | Noticed Sonja
 15347 | Lair:2   | Killed Sonja
 15368 | Lair:2   | Found a hole to the Spider Nest.
 15538 | Lair:2   | Found a staircase to the Swamp.
 16699 | Lair:4   | Reached skill level 10 in Dodging
 17195 | Lair:4   | Found a white marble altar of Elyvilon.
 18155 | Lair:6   | Entered Level 6 of the Lair of Beasts
 18161 | Lair:6   | Reached XP level 15. HP: 100/100 MP: 15/15
 18487 | Lair:6   | Found a dark tunnel.
 18511 | Volcano  | Entered a volcano
 18543 | Volcano  | Reached skill level 17 in Maces & Flails
 18678 | Volcano  | Found a burning altar of Makhleb.
 18883 | Lair:6   | Found a viscous altar of Jiyva.
 18883 | Lair:6   | Found a staircase to the Slime Pits.
 19216 | Lair:6   | Got a bloodstained great sword
 19668 | Lair:6   | Identified the cursed +1 great sword "Lite" {speed, rPois
                  | rF- Dex+2 Stlth+} (You found it on level 6 of the Lair of
                  | Beasts)
 20110 | D:15     | Found a runed translucent gate.
 20110 | D:15     | Found a runed translucent gate.
 20134 | D:15     | Found a runed translucent gate.
 20139 | D:15     | Noticed Ciesatia's ghost (journeyman GnSk)
 20195 | D:15     | Killed Ciesatia's ghost
 20245 | D:15     | Gained mutation: You are dopey. (Int -2) [mutagenic glow]
 20247 | D:15     | Got a ripped robe
 20300 | D:15     | Gained mutation: You tend to lose your temper in combat.
                  | [mutagenic glow]
 20352 | D:14     | Lost mutation: You are dopey. (Int -2) [mutagenic glow]
 20503 | Orc:1    | Entered Level 1 of the Orcish Mines
 20526 | Orc:1    | Found Bompemuu's Gadget Emporium.
 20680 | Orc:2    | Entered Level 2 of the Orcish Mines
 20692 | Orc:2    | Found a roughly hewn altar of Beogh.
 20887 | Orc:2    | Noticed Erolcha
 20896 | Orc:2    | Killed Erolcha
 21061 | Orc:2    | Found a staircase to the Elven Halls.
 21227 | Orc:2    | Reached skill level 15 in Fighting
 21239 | Orc:2    | Found a runed translucent door.
 21249 | Orc:2    | Noticed whitenoisemaker's ghost (journeyman DEIE)
 21253 | Orc:2    | Found Vury's Antique Weapon Boutique.
 21261 | Orc:2    | Reached XP level 16. HP: 108/108 MP: 16/16
 21301 | Orc:2    | Reached skill level 15 in Armour
 21349 | Orc:2    | Found Qesaun's Distillery.
 21350 | Orc:2    | Found Eghoav's Antique Armour Boutique.
 21350 | Orc:2    | Found Kafferig's Gadget Emporium.
 21513 | Orc:2    | Killed whitenoisemaker's ghost
 22071 | D:15     | Bought the +7 morningstar of the Seven Wishes {freeze,
                  | rElec rC- MR++ Dex-3} for 872 gold pieces
 22241 | Lair:1   | Lost mutation: You tend to lose your temper in combat.
                  | [potion of mutation]
 22241 | Lair:1   | Gained mutation: You can translocate small distances at
                  | will. [potion of mutation]
 22241 | Lair:1   | Gained mutation: Your spells are a little harder to cast,
                  | but a little more powerful. [potion of mutation]
 22281 | Lair:1   | Identified the +2 robe "Nuafe" {*Corrode rElec rF+++ Str-5}
                  | (You found it on level 15 of the Dungeon)
 22320 | Swamp:1  | Entered Level 1 of the Swamp
 22807 | Swamp:2  | Noticed Frances
 22819 | Swamp:2  | Killed from afar by Frances

Levels and vault maps discovered:
D:1:      giann_wishing_wells, layout_loops_ring
D:2:      layout_rooms, nicolae_gozag_seed_capital,
          chequers_ecumenical_altar_lobes,
          nicolae_dithmenos_through_a_glass_darkly
D:3:      layout_rooms, lemuel_doored_altar, portal_sewer_entry_d,
          solitary_fountain, st_stairs_2, uniq_robin
D:4:      layout_loops_ring, nicolae_overflow_crystal_walls, elyvilon_altar_4,
          minmay_temple_entry_waves, serial_shops, nicolae_shop_stone,
          hex_medium, minmay_quadrilaterals, uniq_sigmund
D:5:      layout_basic, lemuel_crystal_altar, first_ration, uniq_pikel
D:6:      layout_layer_cave, nicolae_ru_the_path_less_chosen,
          kennysheep_mini_moat, serial_shops, nicolae_shop_behind_doors,
          minmay_manual_mess
D:7:      wander_river, layout_rooms, yredelemnul_altar_generic, st_stairs_14
D:8:      layout_basic, grunt_qazlal_sundering, grunt_ogre_cave
D:9:      layout_basic, dancing_weapons_uskayaw, tgw_xom, lair_entry_dummy,
          orc_0_dummy
D:10:     layout_cave_pools, tgw_fedhas, uniq_snorg, uniq_fannar
D:11:     layout_rooms
D:12:     layout_basic, serial_shops, nicolae_shop_waterfront,
          nicolae_shop_crystal, kennysheep_mini, shop
D:13:     layout_roguey, erik_vaults_1
D:14:     layout_roguey, serial_bayou_pond_e, kennysheep_generic_room_6
D:15:     grunt_enter_depths_magical_seal, layout_small_grid,
          roderic_roman_lattice, ploomutoo_gammafunk_ghost_potion_laboratory,
          serial_shops, shop, lemuel_tele_altar
Temple:   jpeg_temple_clearing
Lair:1:   layout_big_grid, chequers_serial_rivers_micro_d,
          infiniplex_staircase_pool_2, grunt_megastairs_5, uniq_gastronok,
          uniq_urug
Lair:2:   layout_chaotic_city, swamp_mist_pool,
          nicolae_spider_entry_non_spiders, serial_bayou_shore_a, uniq_sonja
Lair:3:   layout_chaotic_city, minmay_stone_trees_small,
          eino_small_chamber_without_monster
Lair:4:   layout_loops_ring, basic_altar, forest_entry_grove, grunt_megastairs_3
Lair:5:   layout_gridlike
Lair:6:   gammafunk_lair_ancient_temple, layout_gridlike, slime_altar_1,
          nicolae_volcano_entry_batcave, minmay_lair_drake_nest
Swamp:1:  layout_basic_swamp, wheals_swamp_sinkhole
Swamp:2:  layout_falls_marsh, evilmike_swamp_ruin_rubble_1,
          infiniplex_staircase_pool, uniq_frances, uniq_aizul
Orc:1:    layout_caves, serial_shops, shop_fountains
Orc:2:    st_orc_ogre_mass, layout_diamond_mine, ebering_ghost_reflecting_pool,
          basic_altar, uniq_erolcha

Skill      XL: |  1  2  3  4  5  6  7  8  9 10 11 12 13 14 15 16 |
---------------+-------------------------------------------------+-----
Armour         | 1 2 3 4 5 7 9 10 11 12 13 14 15 | 15.2
Fighting       | 3 4 5 6 7 9 10 11 12 14 15 | 15.4
Maces & Flails | 4 5 6 8 10 12 13 14 16 17 | 17.6
Dodging        | 3 5 6 8 9 10 11 | 11.6
Throwing       | |  1.7

Action                   |  1- 3 |  4- 6 |  7- 9 | 10-12 | 13-15 | 16-18 || total
-------------------------+-------+-------+-------+-------+-------+-------++-------
Melee: Flail             |   113 |   190 |   495 |   593 |  1316 |   122 ||  2829
       Morningstar       |       |       |       |       |       |   118 ||   118
Throw: Throwing net      |       |     3 |     1 |     2 |     2 |       ||     8
 Abil: Fly               |       |       |       |       |     1 |       ||     1
Evoke: Wand              |       |       |       |     1 |     1 |       ||     2
  Use: Potion            |       |     4 |       |       |     5 |     2 ||    11
       Scroll            |       |     3 |     1 |     6 |    17 |     4 ||    31
 Stab: Sleeping          |     1 |       |       |       |       |       ||     1
       Invisible         |       |       |     2 |       |       |       ||     2
       Held in net/web   |       |       |     1 |     1 |     1 |       ||     3
       Confused          |       |       |       |     1 |       |       ||     1
  Eat: Chunk             |     2 |     4 |    14 |    14 |    20 |     5 ||    59
       Ration            |       |       |       |     1 |     3 |       ||     4
Armor: Leather armour    |    24 |       |       |       |       |       ||    24
       Plate armour      |    51 |   187 |   368 |   175 |    33 |     7 ||   821
       Troll leather arm |       |       |       |   130 |   506 |    67 ||   703
       Steam dragon scal |       |       |       |       |     8 |       ||     8
       Ring mail         |       |       |       |       |       |    68 ||    68
Dodge: Dodged            |    69 |    76 |   171 |   313 |   862 |   253 ||  1744
Block: Other             |       |       |       |       |   105 |    45 ||   150
       Reflection        |       |       |       |       |     4 |       ||     4

Table legend:
 A = Non-vault XP
 B = Vault XP
 C = Vault XP percentage of total XP
 D = Non-vault monster count
 E = Vault monster count
 F = Vault count percentage of total count
                 A         B        C        D         E       F
            +---------+---------+-------+---------+---------+-------
      Total |   88275 |   59503 |  40.3 |     566 |     194 |  25.5
            +---------+---------+-------+---------+---------+-------
        D:1 |      12 |       0 |   0.0 |       7 |       0 |   0.0
        D:2 |      31 |       9 |  22.5 |      14 |       4 |  22.2
        D:3 |      20 |      50 |  71.4 |       5 |      11 |  68.8
        D:4 |     473 |     332 |  41.2 |      19 |       3 |  13.6
        D:5 |     829 |     641 |  43.6 |      23 |       1 |   4.2
        D:6 |     838 |     154 |  15.5 |      16 |       3 |  15.8
        D:7 |     828 |      57 |   6.4 |      20 |       1 |   4.8
        D:8 |    1239 |     118 |   8.7 |      25 |       1 |   3.8
        D:9 |    2766 |      28 |   1.0 |      43 |       2 |   4.4
       D:10 |    2833 |    2734 |  49.1 |      15 |       3 |  16.7
       D:11 |    3964 |       0 |   0.0 |      28 |       0 |   0.0
       D:12 |    7769 |       0 |   0.0 |      46 |       0 |   0.0
       D:13 |    4111 |    1808 |  30.5 |      22 |       2 |   8.3
       D:14 |    4590 |    1247 |  21.4 |      32 |       3 |   8.6
       D:15 |   10162 |   14463 |  58.7 |      27 |      26 |  49.1
     Lair:1 |    3247 |    3215 |  49.8 |      10 |       3 |  23.1
     Lair:2 |    6653 |    1353 |  16.9 |      37 |       9 |  19.6
     Lair:3 |    3232 |       0 |   0.0 |      13 |       0 |   0.0
     Lair:4 |   10488 |    2019 |  16.1 |      31 |      11 |  26.2
     Lair:5 |    4125 |       0 |   0.0 |      15 |       0 |   0.0
     Lair:6 |    9079 |   12187 |  57.3 |      30 |      34 |  53.1
    Swamp:1 |    6810 |       0 |   0.0 |      37 |       0 |   0.0
      Orc:1 |    1479 |       0 |   0.0 |      21 |       0 |   0.0
      Orc:2 |    2697 |   13932 |  83.8 |      30 |      31 |  50.8
      Sewer |       0 |     140 | 100.0 |       0 |      24 | 100.0
    Volcano |       0 |    5016 | 100.0 |       0 |      22 | 100.0
            +---------+---------+-------+---------+---------+-------
